 Dungeon Crawl Stone Soup version 0.29.1-15-g9cfb28693d (webtiles) character file.

Game seed: 17804376448952808429

807 Peloso the Slasher (level 7, -1/91 HPs)
             Began as a Minotaur Fighter on Apr 9, 2023.
             Killed by divine providence
             ... invoked by an orc priest
              (10 damage)
             ... on level 7 of the Dungeon.
             The game lasted 00:08:29 (4200 turns).

Peloso the Slasher (Minotaur Fighter)               Turns: 4200, Time: 00:08:29

Health: -1/91      AC: 10    Str: 20    XL:     7   Next: 60%
Magic:  6/6        EV:  8    Int:  5    God:
Gold:   219        SH:  5    Dex: 12    Spells: 6/6 levels left

rFire   . . .      SeeInvis .   a - +0 long sword
rCold   + + .      Faith    .   d - +0 buckler
rNeg    . . .      Spirit   .   c - +0 chain mail
rPois   .          Reflect  .   (helmet restricted)
rElec   .          Harm     .   (no cloak)
rCorr   .          Rampage  .   (no gloves)
Will    .....                   (no boots)
Stlth   ..........              (no amulet)
HPRegen 0.25/turn               (no ring)
MPRegen 0.10/turn               (no ring)

@: berserking (expiring), lethally poisoned (-1 -> -4), very quick
A: horns 2, retaliatory headbutt, talons 1, cold resistance 2, evolution 1
a: no special abilities


You were on level 7 of the Dungeon.
You visited 1 branch of the dungeon, and saw 6 of its levels.

You collected 219 gold pieces.

Inventory:

Hand Weapons
 a - a +0 long sword (weapon)
Armour
 b - a +0 scale mail
 c - a +0 chain mail (worn)
 d - a +0 buckler (worn)
Jewellery
 l - a ring of protection from cold
Scrolls
 e - a scroll of teleportation
 k - 2 scrolls of amnesia {unknown}
 o - a scroll of fog {unknown}
 q - a scroll of torment {unknown}
 r - a scroll of blinking {unknown}
Potions
 f - a potion of cancellation
 g - a potion of curing
 h - a potion of flight
 i - a potion of resistance {unknown}
 m - a potion of heal wounds {unknown}
 p - a potion of might


   Skills:
 + Level 5.2 Fighting
 + Level 6.8 Long Blades
 + Level 6.7 Armour
 + Level 1.8 Dodging
 + Level 4.9 Shields


You had 6 spell levels left.
You didn't know any spells.
Your spell library contained the following spells:

 Spells                   Type           Power      Damage    Failure   Level
 Sandblast                Erth           0%         2d4       99%         1
 Passwall                 Tmut/Erth      0%         N/A       100%        2
 Confusing Touch          Hex            0%         N/A       100%        3
 Ozocubu's Armour         Ice            0%         N/A       100%        3
 Stone Arrow              Conj/Erth      0%         3d7       100%        3
 Summon Guardian Golem    Hex/Summ       0%         N/A       100%        3
 Anguish                  Hex/Necr       0%         N/A       100%        4
 Agony                    Necr           0%         N/A       100%        5
 Metabolic Englaciation   Hex/Ice        0%         N/A       100%        5
 Simulacrum               Ice/Necr       0%         N/A       100%        6
 Orb of Destruction       Conj           0%         9d5       100%        7
 Spellforged Servitor     Conj/Summ      0%         N/A       100%        7


Dungeon Overview and Level Annotations

Branches:
Dungeon (5/15)
 Temple: D:4-7

Altars:
Xom
Zin

Shops:
D:4 ?[


Innate Abilities, Weirdness & Mutations

You have a pair of horns on your head.
You reflexively headbutt those who attack you in melee.
You have sharp toenails.
Your flesh is very cold resistant. (rC++)
You have hidden genetic potential.


Message History

The scorpion is lightly wounded.
You block the scorpion's attack.
You barely miss the scorpion. Your kick misses the scorpion.
The scorpion is lightly wounded.
The scorpion stings you.
* * * LOW HITPOINT WARNING * * *
The orc wizard gestures wildly while chanting.
The orc wizard flickers and vanishes!
Deactivating autopickup; reactivate with Ctrl-A.
A red film seems to cover your vision as you go berserk!
You feel yourself moving faster!
You feel mighty! The scorpion stings you.
* * * LOW HITPOINT WARNING * * *
You are poisoned.
The scorpion poisons you!
The scorpion stings you but does no damage.
You closely miss the scorpion. Your kick misses the scorpion.
You headbutt the scorpion.
The scorpion is heavily wounded.
You feel very sick.
You slash the scorpion! You headbutt the scorpion.
You kill the scorpion!
You feel sick.
You slash the orc!
You kill the orc!
You feel sick.
You slice the orc!!
You kill the orc!
You feel sick.
You feel sick. Something hits you.
* * * LOW HITPOINT WARNING * * *
Items here: )) [ ††.
You slash something! Your kick misses something.
Something hits you but does no damage.
You barely miss something. You claw something.
You feel sick.
You slash something!
Reactivating autopickup.
You feel a bit more experienced.
You feel sick.
The orc priest mumbles some strange prayers to Beogh against you.
Beogh smites you!
You die...

........##.#...
#........s# #.....#....#
####..# ..#.. #..# #..
### .######..##....#..#
........o##...#...#... .#
########)##......#.#...#.
#@##.....#...#. .
##.##..........
#...##.......##
#.............#
#...##.......######
######.............
###.....###### #######


You could see an orc priest.

Vanquished Creatures
  An ice beast (D:5)
  An ogre (D:5)
  2 necrophages (D:4)
  2 scorpions
  3 orc priests (D:5)
  2 iguanas
  4 orc wizards
  4 gnolls
  8 adders
  An ufetubus (D:5)
  2 worms
  2 dart slugs
  5 orcs
  7 endoplasms
  7 hobgoblins
  3 kobolds
  2 quokkas
  7 ball pythons
  5 bats
  5 frilled lizards
  6 goblins
  10 rats
89 creatures vanquished.

Notes
Turn   | Place    | Note
-------+----------+-------------------------------------------
     0 | D:1      | Peloso the Minotaur Fighter began the quest for the Orb.
     0 | D:1      | Reached XP level 1. HP: 19/19 MP: 0/0
     2 | D:1      | Noticed a vampire
     2 | D:1      | Noticed a felid
     4 | D:1      | Noticed a formicid
     4 | D:1      | Noticed a meteoran
     6 | D:1      | Noticed an octopode
     6 | D:1      | Noticed a merfolk
     8 | D:1      | Noticed a naga
     8 | D:1      | Noticed a tengu
    10 | D:1      | Noticed a ghoul
    10 | D:1      | Noticed a gargoyle
    12 | D:1      | Noticed a demigod
    12 | D:1      | Noticed a spriggan
    14 | D:1      | Noticed an ogre
    14 | D:1      | Noticed a minotaur
    17 | D:1      | Noticed a demonspawn
    19 | D:1      | Noticed a vine stalker
    19 | D:1      | Noticed a troll
    21 | D:1      | Noticed a human
    23 | D:1      | Noticed a draconian
    23 | D:1      | Noticed an elf
    25 | D:1      | Noticed an elf
    25 | D:1      | Noticed a palentonga
    27 | D:1      | Noticed a formicid
   211 | D:1      | Reached XP level 2. HP: 27/27 MP: 1/1
   665 | D:2      | Reached XP level 3. HP: 22/33 MP: 2/2
  1026 | D:2      | Reached XP level 4. HP: 40/40 MP: 3/3
  1318 | D:2      | Found a faded altar of an unknown god.
  1757 | D:3      | Got the Cyclopedia of Mortification and Spellbinding
  1938 | D:4      | Noticed a scorpion
  1946 | D:4      | Killed a scorpion
  1947 | D:4      | Reached skill level 5 in Armour
  1947 | D:4      | Reached XP level 5. HP: 38/46 MP: 4/4
  2125 | D:4      | Reached skill level 5 in Long Blades
  2125 | D:4      | Reached skill level 1 in Dodging
  2260 | D:4      | Found Reops's Magic Scroll Emporium.
  2440 | D:4      | Found Doleul's Armour Shop.
  2458 | D:4      | Reached XP level 6. HP: 47/53 MP: 5/5
  2903 | D:5      | Entered Level 5 of the Dungeon
  2903 | D:5      | Found a glowing silver altar of Zin.
  2904 | D:5      | Noticed an angel
  2907 | D:5      | Found a shimmering altar of Xom.
  2911 | D:5      | Noticed an ice beast
  2945 | D:5      | Killed an ice beast
  3300 | D:5      | HP: 2/53 [something/magic dart (8)]
  3301 | D:5      | Gained mutation: Your magical capacity is low. (-10% MP)
                  | [potion of mutation]
  3301 | D:5      | Gained mutation: You occasionally lose the ability to read
                  | scrolls when taking damage. [potion of mutation]
  3301 | D:5      | Gained mutation: You expend magic power (3 MP) to
                  | strengthen your wands. [potion of mutation]
  3308 | D:5      | Reached XP level 7. HP: 31/60 MP: 5/5
  3317 | D:5      | Lost mutation: You expend magic power (3 MP) to strengthen
                  | your wands. [potion of mutation]
  3317 | D:5      | Lost mutation: Your magical capacity is low. (-10% MP)
                  | [potion of mutation]
  3317 | D:5      | Gained mutation: You are resistant to electric shocks.
                  | (rElec) [potion of mutation]
  3317 | D:5      | Gained mutation: You have hidden genetic potential. [potion
                  | of mutation]
  3318 | D:5      | Lost mutation: You occasionally lose the ability to read
                  | scrolls when taking damage. [potion of mutation]
  3318 | D:5      | Lost mutation: You are resistant to electric shocks.
                  | (rElec) [potion of mutation]
  3318 | D:5      | Lost mutation: You have hidden genetic potential. [potion
                  | of mutation]
  3318 | D:5      | Gained mutation: You have a pair of large horns on your
                  | head. [potion of mutation]
  3318 | D:5      | Gained mutation: Armour fits poorly on your strangely
                  | shaped body. [potion of mutation]
  3318 | D:5      | Gained mutation: You have hidden genetic defects. [potion
                  | of mutation]
  3318 | D:5      | Gained mutation: Your movements are slightly less
                  | encumbered by armour. (ER -2) [potion of mutation]
  3319 | D:5      | Lost mutation: Armour fits poorly on your strangely shaped
                  | body. [potion of mutation]
  3319 | D:5      | Lost mutation: You have a pair of large horns on your head.
                  | [potion of mutation]
  3319 | D:5      | Lost mutation: Your movements are slightly less encumbered
                  | by armour. (ER -2) [potion of mutation]
  3319 | D:5      | Gained mutation: Your flesh is cold resistant. (rC+)
                  | [potion of mutation]
  3319 | D:5      | Gained mutation: You are frail. (-10% HP) [potion of
                  | mutation]
  3320 | D:5      | Lost mutation: You have hidden genetic defects. [potion of
                  | mutation]
  3320 | D:5      | Lost mutation: You are frail. (-10% HP) [potion of
                  | mutation]
  3320 | D:5      | Gained mutation: You have sharp toenails. [potion of
                  | mutation]
  3320 | D:5      | Gained mutation: You have hidden genetic potential. [potion
                  | of mutation]
  3320 | D:5      | Gained mutation: Your flesh is very cold resistant. (rC++)
                  | [potion of mutation]
  3576 | D:5      | Reached skill level 5 in Fighting
  4145 | D:5      | You fall into a shaft and drop 2 floors!
  4200 | D:7      | Killed from afar by an orc priest

Illustrated notes

Levels and vault maps discovered:
D:1:      kb_arrival_jail, layout_basic, chequers_serial_rivers_micro_c
D:2:      layout_rooms, shapermc_ecumenical_altar_mp_vishouse,
          kennysheep_cluttered_room, minmay_pentomino_x4
D:3:      layout_basic
D:4:      layout_basic, serial_shops, nicolae_shop_waterfront,
          nicolae_shop_crystal
D:5:      layout_loops_ring, grunt_temple_overflow_order_and_chaos_1
D:7:      layout_loops_corners, nicolae_hepliaklqana_hippocampus,
          temple_doors_cd, minmay_splitting_lines, uniq_maggie

Skill      XL: |  1  2  3  4  5  6  7 |
---------------+----------------------+-----
Armour         | 4 5 6 |  6.7
Fighting       | 4 5 |  5.2
Long Blades    | 3 4 5 6 |  6.8
Dodging        | 1 |  1.8
Shields        | 4 |  4.9

Action                   |  1- 3 |  4- 6 |  7- 9 || total
-------------------------+-------+-------+-------++-------
Melee: Long sword        |    82 |   112 |    47 ||   241
       Headbutt          |    11 |    20 |     5 ||    36
       Kick              |       |       |    15 ||    15
  Use: Scroll            |     2 |     3 |       ||     5
       Potion            |       |     5 |     5 ||    10
Armor: Scale mail        |    37 |    22 |       ||    59
       Chain mail        |       |    23 |    22 ||    45
Dodge: Dodged            |    53 |    50 |     9 ||   112
Block: Buckler           |    24 |    31 |     8 ||    63
